[Event "International Championship of Central S"]
[Site "Paracin"]
[Date "2014.07.05"]
[Round "2.1"]
[White "Miedema, David"]
[Black "Rapport, Richard"]
[Result "0-1"]
[ECO "A40"]
[WhiteElo "2362"]
[BlackElo "2701"]
[Annotator "Boban,Milojevic"]
[PlyCount "68"]
[EventDate "2014.??.??"]
[TimeControl "6000+600"]
[WhiteClock "0:42:44"]
[BlackClock "1:02:23"]

1. d4 e6 2. c4 c5 3. d5 exd5 4. cxd5 d6 5. Nc3 g6 6. Nf3 Bg7 7. e4 a6 8. a4 Bg4
9. Be2 Bxf3 10. Bxf3 Nd7 11. O-O Ngf6 12. Be2 O-O 13. f4 Re8 14. Bf3 c4 15. Be3
Qa5 16. Qc2 Nc5 17. Ra3 Nfd7 18. Nd1 Rac8 19. Bd2 Qd8 20. Be3 b5 21. axb5 axb5
22. Nf2 Nb6 23. Qd2 Nb3 24. Qb4 Nxd5 25. exd5 Rxe3 26. Qxb5 Nd4 27. Qa6 Nxf3+
28. gxf3 Re2 29. b3 Bd4 30. bxc4 Rb8 31. Ra2 Rbb2 32. Rxb2 Rxb2 33. Qa1 Qb6 34.
Qe1 Bxf2+ 0-1

[Event "International Championship of Central S"]
[Site "Paracin"]
[Date "2014.07.05"]
[Round "2.2"]
[White "Masic, Predrag"]
[Black "Damljanovic, Branko"]
[Result "0-1"]
[ECO "A21"]
[WhiteElo "2356"]
[BlackElo "2562"]
[Annotator "Boban,Milojevic"]
[PlyCount "95"]
[EventDate "2014.??.??"]
[TimeControl "6000+525"]
[WhiteClock "0:01:44"]
[BlackClock "0:01:21"]

1. c4 e5 2. Nc3 Bb4 3. g3 Bxc3 4. dxc3 d6 5. Bg2 Ne7 6. Nf3 Nbc6 7. O-O Be6 8.
b3 f6 9. Ne1 Qd7 10. Nc2 Bh3 11. e4 h5 12. Ne3 Bxg2 13. Kxg2 h4 14. Qg4 h3+ 15.
Kg1 Qxg4 16. Nxg4 Nd8 17. Ne3 Ne6 18. Nd5 c6 19. Nxe7 Kxe7 20. Be3 g6 21. Rae1
b5 22. cxb5 cxb5 23. Rd1 Rhc8 24. Rd3 Rc6 25. Rfd1 a5 26. g4 Rac8 27. Kf1 Rf8
28. Rd5 Nc7 29. R5d3 Ke6 30. Bc1 Rh8 31. Ba3 b4 32. Bb2 Rh4 33. f3 Ne8 34. Rc1
Rh7 35. Kf2 f5 36. gxf5+ gxf5 37. exf5+ Kxf5 38. Rg1 Rg7 39. Rg3 Rxg3 40. Kxg3
Nf6 41. c4 Nh5+ 42. Kh4 Nf4 43. Rd2 a4 44. Rd1 axb3 45. axb3 Ne6 46. Rd3 Nc5
47. Re3 Ra6 48. Kxh3 0-1

[Event "International Championship of Central S"]
[Site "Paracin"]
[Date "2014.07.05"]
[Round "2.3"]
[White "Atalik, Suat"]
[Black "Vucinic, Gojko"]
[Result "1-0"]
[ECO "B76"]
[WhiteElo "2550"]
[BlackElo "2313"]
[Annotator "Boban,Milojevic"]
[PlyCount "55"]
[EventDate "2014.??.??"]
[TimeControl "6000+1190"]
[WhiteClock "0:09:12"]
[BlackClock "0:11:22"]

1. e4 c5 2. Nf3 d6 3. d4 cxd4 4. Nxd4 Nf6 5. Nc3 g6 6. Be3 Bg7 7. f3 Nc6 8. Qd2
O-O 9. O-O-O d5 10. Nxc6 bxc6 11. Bh6 Bxh6 12. Qxh6 Qb6 13. h4 Rb8 14. b3 Qb4
15. Kb2 dxe4 16. h5 exf3 17. hxg6 fxg6 18. Rh4 Qc5 19. Ne4 Qe5+ 20. c3 Rb7 21.
Nxf6+ exf6 22. gxf3 Be6 23. Re4 Qf5 24. Ba6 Rbb8 25. Rh1 Rf7 26. Rhe1 Bd5 27.
Re8+ Rf8 28. Qxf8# 1-0

[Event "International Championship of Central S"]
[Site "Paracin"]
[Date "2014.07.05"]
[Round "2.4"]
[White "Savic, Miodrag R"]
[Black "Jovanovic, Bojan P"]
[Result "1-0"]
[ECO "C50"]
[WhiteElo "2522"]
[BlackElo "2307"]
[Annotator "Boban,Milojevic"]
[PlyCount "59"]
[EventDate "2014.??.??"]
[TimeControl "6000+1720"]
[WhiteClock "0:04:05"]
[BlackClock "0:01:51"]

1. e4 e5 2. Nf3 Nc6 3. Bc4 Be7 4. d3 Nf6 5. O-O O-O 6. c3 d6 7. Re1 Na5 8. Bb5
a6 9. Ba4 b5 10. Bc2 c5 11. Nbd2 Nd7 12. Nf1 Nb6 13. h3 f5 14. exf5 Bxf5 15.
Ng3 Bg6 16. d4 Bxc2 17. Qxc2 exd4 18. cxd4 Nc6 19. Nf5 Bf6 20. dxc5 dxc5 21.
Qxc5 Rc8 22. Qd6 Nc4 23. Qxd8 Rcxd8 24. Rb1 Nb4 25. b3 Nb6 26. Ba3 Bc3 27. Ne7+
Kh8 28. Re6 Rde8 29. Rxb6 Rxe7 30. Rc1 1-0

[Event "International Championship of Central S"]
[Site "Paracin"]
[Date "2014.07.05"]
[Round "2.5"]
[White "Thomassen, Joachim"]
[Black "Drenchev, Petar"]
[Result "0-1"]
[ECO "B84"]
[WhiteElo "2353"]
[BlackElo "2511"]
[Annotator "Boban,Milojevic"]
[PlyCount "82"]
[EventDate "2014.??.??"]
[TimeControl "6000+855"]
[WhiteClock "0:00:51"]
[BlackClock "0:02:54"]

1. e4 c5 2. Nf3 d6 3. d4 cxd4 4. Nxd4 Nf6 5. Nc3 a6 6. Be2 e6 7. f4 Qc7 8. O-O
Be7 9. Bf3 O-O 10. Kh1 Nc6 11. g4 Nd7 12. a4 Nxd4 13. Qxd4 Re8 14. g5 Bf8 15.
Bg2 b6 16. Rf3 Bb7 17. Rh3 g6 18. Qf2 Bg7 19. Be3 b5 20. axb5 axb5 21. Rd1 Bc6
22. Bd4 e5 23. fxe5 Nxe5 24. Qh4 b4 25. Qxh7+ Kf8 26. Ne2 Bd7 27. Rf3 Bg4 28.
Rf2 Qc4 29. b3 Qxe2 30. Rxe2 Bxe2 31. Rd2 Bh5 32. h3 Ra2 33. Rf2 Rc8 34. c4
Rxf2 35. Bxf2 Bd1 36. Qh4 Bxb3 37. Qg3 Bxc4 38. Bd4 Be6 39. Qe1 b3 40. Qb4 Kg8
41. Qb6 Nc4 0-1

[Event "International Championship of Central S"]
[Site "Paracin"]
[Date "2014.07.05"]
[Round "2.6"]
[White "Blagojevic, Dragisa"]
[Black "Nakhbayeva, Guliskhan"]
[Result "0-1"]
[ECO "E16"]
[WhiteElo "2505"]
[BlackElo "2300"]
[Annotator "Boban,Milojevic"]
[PlyCount "52"]
[EventDate "2014.??.??"]
[TimeControl "6000+1155"]
[WhiteClock "0:14:00"]
[BlackClock "0:33:55"]

1. d4 Nf6 2. c4 e6 3. Nf3 Bb4+ 4. Bd2 Qe7 5. g3 Bxd2+ 6. Qxd2 Nc6 7. Nc3 d5 8.
cxd5 exd5 9. Bg2 O-O 10. O-O Rd8 11. Rfc1 a6 12. e3 Bf5 13. Na4 Na7 14. Ne5 Ne4
15. Bxe4 dxe4 16. Qa5 Nb5 17. Nc3 f6 18. Nc4 b6 19. Qa4 Nxc3 20. Rxc3 b5 21.
Qa5 c5 22. Nb6 cxd4 23. exd4 Rab8 24. d5 Rd6 25. Rc6 Qd8 26. Rac1 Rxb6 0-1

[Event "International Championship of Central S"]
[Site "Paracin"]
[Date "2014.07.05"]
[Round "2.7"]
[White "Brankovic, Dejan"]
[Black "Kadric, Denis"]
[Result "0-1"]
[ECO "B90"]
[WhiteElo "2344"]
[BlackElo "2494"]
[Annotator "Boban,Milojevic"]
[PlyCount "72"]
[EventDate "2014.??.??"]
[TimeControl "6000+1245"]
[WhiteClock "0:00:32"]
[BlackClock "0:00:43"]

1. e4 c5 2. Nf3 d6 3. d4 cxd4 4. Nxd4 Nf6 5. Nc3 a6 6. Bc4 e6 7. Bb3 Be7 8. O-O
O-O 9. Qf3 Nbd7 10. Qg3 Nc5 11. Bh6 Ne8 12. Be3 Bd7 13. f4 b5 14. e5 b4 15. Nd1
Nxb3 16. axb3 f6 17. Nf2 dxe5 18. fxe5 fxe5 19. Qxe5 Bd6 20. Qe4 Nf6 21. Qh4
Qc7 22. Rad1 Nd5 23. Bc1 Nf6 24. Kh1 Rae8 25. Nf3 Bc6 26. Ng5 h6 27. Nge4 Be7
28. Qh3 Bd5 29. Bxh6 Nxe4 30. Nxe4 Qe5 31. Qg4 Bxe4 32. Bxg7 Bf5 33. Bxe5+ Bxg4
34. Ra1 Rxf1+ 35. Rxf1 Rd8 36. c3 Rd5 0-1

[Event "International Championship of Central S"]
[Site "Paracin"]
[Date "2014.07.05"]
[Round "2.1"]
[White "Rakic, Marija"]
[Black "Tomic, Bosko"]
[Result "0-1"]
[ECO "E70"]
[WhiteElo "2306"]
[BlackElo "2450"]
[Annotator "Boban,Milojevic"]
[PlyCount "62"]
[EventDate "2014.??.??"]
[TimeControl "6000+1305"]
[WhiteClock "0:06:09"]
[BlackClock "0:08:50"]

1. d4 Nf6 2. c4 g6 3. Nc3 Bg7 4. e4 O-O 5. Nf3 d6 6. h3 Nbd7 7. Be3 e5 8. d5 a5
9. Bd3 Nc5 10. Bc2 Bd7 11. a3 c6 12. b4 cxd5 13. bxc5 d4 14. Nxd4 exd4 15. Bxd4
dxc5 16. Bxc5 Re8 17. O-O Rc8 18. Bd4 Rxc4 19. Rb1 Bxh3 20. Nb5 Nxe4 21. Bb3
Rxd4 22. Nxd4 Bxd4 23. gxh3 Qf6 24. Bxf7+ Kxf7 25. Rxb7+ Kg8 26. Qb3+ Kh8 27.
Rf7 Qg5+ 28. Kh1 Bf6 29. Qf3 Nxf2+ 30. Qxf2 Qd5+ 31. Kh2 Be5+ 0-1

[Event "International Championship of Central S"]
[Site "Paracin"]
[Date "2014.07.05"]
[Round "2.2"]
[White "Radovanovic, Nikola"]
[Black "Chandra, Akshat"]
[Result "0-1"]
[ECO "E32"]
[WhiteElo "2303"]
[BlackElo "2442"]
[Annotator "Boban,Milojevic"]
[PlyCount "90"]
[EventDate "2014.??.??"]
[TimeControl "6000+1360"]
[WhiteClock "0:01:27"]
[BlackClock "0:06:32"]

1. d4 Nf6 2. c4 e6 3. Nc3 Bb4 4. Qc2 O-O 5. a3 Bxc3+ 6. Qxc3 b6 7. Bg5 Bb7 8.
f3 c5 9. e3 h6 10. Bh4 cxd4 11. Qxd4 Nc6 12. Qd6 Rc8 13. Rc1 Re8 14. Ne2 Na5
15. Qb4 Ba6 16. Nd4 d5 17. b3 dxc4 18. bxc4 g5 19. Bf2 Nd5 20. Qa4 b5 21. Nxb5
Bxb5 22. Qxb5 Rb8 23. Qa4 Nb3 24. cxd5 Nxc1 25. Ba6 Nb3 26. e4 exd5 27. O-O d4
28. Rd1 Nc5 29. Qc6 Nxa6 30. Qxa6 Qb6 31. Qc4 Rec8 32. Qf1 Rd8 33. h4 Qc5 34.
hxg5 hxg5 35. Qe2 Rb6 36. e5 Re6 37. f4 gxf4 38. Qg4+ Rg6 39. Qxf4 Qd5 40. g3
d3 41. Bxa7 Kg7 42. Kf2 Rh8 43. Bd4 Rh2+ 44. Ke3 Re2+ 45. Kxd3 Qb5+ 0-1

[Event "International Championship of Central S"]
[Site "Paracin"]
[Date "2014.07.05"]
[Round "2.3"]
[White "Svicevic, Rastko"]
[Black "Nestorovic, Nikola"]
[Result "0-1"]
[ECO "C44"]
[WhiteElo "2300"]
[BlackElo "2439"]
[Annotator "Boban,Milojevic"]
[PlyCount "86"]
[EventDate "2014.??.??"]
[TimeControl "6000+1300"]
[WhiteClock "0:24:34"]
[BlackClock "0:04:39"]

1. e4 e5 2. Nf3 Nc6 3. Be2 Nf6 4. d3 d6 5. O-O g6 6. h3 Bg7 7. c3 O-O 8. Re1 h6
9. Nh2 d5 10. Nd2 Be6 11. Qc2 a5 12. a4 Qd7 13. Ndf1 Rad8 14. Be3 d4 15. Bd2
Nxe4 16. dxe4 d3 17. Qd1 dxe2 18. Qxe2 Qd3 19. Qe3 Rd6 20. Nf3 Rfd8 21. g4 b6
22. Qxd3 Rxd3 23. Be3 Ne7 24. Kg2 Nc8 25. N3d2 Nd6 26. f4 exf4 27. Bxf4 h5 28.
Re3 Rxe3 29. Nxe3 hxg4 30. hxg4 Bc8 31. Ndc4 Nxc4 32. Nxc4 Bb7 33. Kf2 Rd7 34.
Ke3 Re7 35. e5 Ba6 36. Nd2 Bxe5 37. Bxe5 Rxe5+ 38. Kd4 Re2 39. Rd1 Bb7 40. g5
Rg2 41. Ne4 Rg4 42. Re1 f5 43. gxf6 Kf7 0-1

[Event "International Championship of Central S"]
[Site "Paracin"]
[Date "2014.07.05"]
[Round "2.4"]
[White "Dodic, Dragan"]
[Black "Zajic, Milan"]
[Result "0-1"]
[ECO "A40"]
[WhiteElo "2102"]
[BlackElo "2415"]
[Annotator "Boban,Milojevic"]
[PlyCount "58"]
[EventDate "2014.??.??"]
[TimeControl "6000+1395"]
[WhiteClock "0:14:45"]
[BlackClock "0:15:14"]

1. d4 e6 2. Nf3 c5 3. c4 cxd4 4. Nxd4 a6 5. Nc3 Qc7 6. e3 Nf6 7. Be2 Be7 8. O-O
O-O 9. b3 d5 10. Bb2 dxc4 11. Bxc4 b5 12. Be2 e5 13. Nf3 Rd8 14. Qc1 e4 15. Nd4
Bd6 16. h3 Qc5 17. f4 exf3 18. Bxf3 Ra7 19. Nce2 Qg5 20. e4 Qe5 21. Nf5 Qh2+
22. Kf2 Bxf5 23. Bxf6 gxf6 24. exf5 Rc7 25. Qb1 Bc5+ 26. Ke1 Re7 27. Be4 Rde8
28. Rf4 Qxf4 29. Nxf4 Rxe4+ 0-1

[Event "International Championship of Central S"]
[Site "Paracin"]
[Date "2014.07.05"]
[Round "2.5"]
[White "Nestorovic, Dejan"]
[Black "Pecurica, Milos"]
[Result "1-0"]
[ECO "D06"]
[WhiteElo "2408"]
[BlackElo "2192"]
[Annotator "Boban,Milojevic"]
[PlyCount "95"]
[EventDate "2014.??.??"]
[TimeControl "6000+1585"]
[WhiteClock "0:01:00"]
[BlackClock "0:02:30"]

1. d4 d5 2. c4 Bf5 3. cxd5 Bxb1 4. Qa4+ c6 5. dxc6 Nxc6 6. Rxb1 e5 7. Bd2 exd4
8. g3 Qd5 9. Nf3 b5 10. Qd1 Qxa2 11. Bg2 Rc8 12. Rc1 Nge7 13. O-O g6 14. Nxd4
Nxd4 15. Rxc8+ Nxc8 16. Bc3 Bg7 17. Bxd4 O-O 18. Bc5 Qxb2 19. Bxf8 Bxf8 20. Qd7
Nd6 21. e4 a5 22. Rd1 Qe5 23. Rd5 Qa1+ 24. Bf1 Nxe4 25. Rxb5 Qf6 26. f4 Qc3 27.
Qd3 Qc6 28. Re5 Bc5+ 29. Kg2 Nf6+ 30. Qf3 Qd6 31. Be2 Kg7 32. Qd3 Qb6 33. Bf3
Bb4 34. Rb5 Qe6 35. Rb7 Bc5 36. Qc3 Bb4 37. Qe5 Qc4 38. Qb5 Qe6 39. Rb6 Qa2+
40. Qe2 Qa1 41. Qc4 Qb2+ 42. Be2 Ng4 43. Qd3 Nf6 44. Rb7 Ne8 45. Kh3 Nd6 46.
Qxd6 Qxe2 47. Qd5 Qf1+ 48. Kh4 1-0

[Event "International Championship of Central S"]
[Site "Paracin"]
[Date "2014.07.05"]
[Round "2.6"]
[White "Lazov, Toni"]
[Black "Tosic, Srecko"]
[Result "0-1"]
[ECO "C05"]
[WhiteElo "2001"]
[BlackElo "2399"]
[Annotator "Boban,Milojevic"]
[PlyCount "52"]
[EventDate "2014.??.??"]
[TimeControl "6000+1240"]
[WhiteClock "0:02:08"]
[BlackClock "0:23:17"]

1. e4 e6 2. d4 d5 3. Nd2 Nf6 4. e5 Nfd7 5. Bd3 c5 6. c3 Nc6 7. Ngf3 g6 8. h4 h6
9. O-O Qb6 10. Qa4 g5 11. h5 g4 12. Nh2 cxd4 13. Nxg4 Rg8 14. Be2 dxc3 15. bxc3
Rg5 16. c4 Rxg4 17. Bxg4 Qd4 18. Bf3 Qxa1 19. cxd5 Qd4 20. Qc2 exd5 21. e6 fxe6
22. Qg6+ Kd8 23. Qxe6 Nb6 24. Qf7 Qg7 25. Qf4 Be6 26. Nb3 Qf7 0-1

[Event "International Championship of Central S"]
[Site "Paracin"]
[Date "2014.07.05"]
[Round "2.7"]
[White "Liou, Yian"]
[Black "Drogovoz, Irina"]
[Result "1-0"]
[ECO "B50"]
[WhiteElo "2387"]
[BlackElo "2073"]
[Annotator "Boban,Milojevic"]
[PlyCount "145"]
[EventDate "2014.??.??"]
[TimeControl "6000+815"]
[WhiteClock "0:33:57"]
[BlackClock "0:06:05"]

1. e4 c5 2. Nf3 d6 3. c3 Nf6 4. Bd3 g6 5. Bc2 Bg7 6. O-O O-O 7. h3 Qc7 8. Re1
Nc6 9. d4 e5 10. dxc5 dxc5 11. Be3 b6 12. Qe2 h6 13. a4 Be6 14. Na3 Rad8 15.
Rad1 Na5 16. Rxd8 Rxd8 17. Rd1 Rxd1+ 18. Qxd1 Nc4 19. Nxc4 Bxc4 20. Nd2 Be6 21.
b3 Nh5 22. Bd3 Qd8 23. Qf1 f5 24. Bc4 Qe7 25. f3 Nf6 26. Qd3 f4 27. Bf2 Bf8 28.
Kf1 Kf7 29. Ke2 Nd7 30. Bxe6+ Kxe6 31. Qd5+ Kf6 32. Qb7 a5 33. Nc4 Qe6 34. Kd3
Be7 35. Qc8 g5 36. Kc2 Bd6 37. Kb2 Be7 38. Be1 Bd6 39. h4 Be7 40. hxg5+ hxg5
41. Kc2 Nf8 42. Qxe6+ Kxe6 43. Nxb6 Bd8 44. Nc4 Ng6 45. Kd3 Kd7 46. Ke2 Bc7 47.
Bf2 Kc6 48. g3 Nf8 49. Nb2 Nd7 50. Nc4 Nf6 51. Kf1 g4 52. Kg2 Kd7 53. Nd2 Kc6
54. fxg4 Nxg4 55. Kf3 Nh2+ 56. Kg2 Ng4 57. Nc4 Nxf2 58. Kxf2 fxg3+ 59. Kxg3 Kd7
60. Kg4 Ke6 61. Kg5 Bd8+ 62. Kg6 Bc7 63. Ne3 Bd8 64. Nc4 Bc7 65. Nd2 Bd8 66. c4
Be7 67. Nf3 Bf6 68. Ng5+ Ke7 69. Kf5 Bh8 70. Nf3 Kd6 71. Nh2 Ke7 72. Ng4 Kd6
73. Kg6 1-0

[Event "International Championship of Central S"]
[Site "Paracin"]
[Date "2014.07.05"]
[Round "2.8"]
[White "Soilemetzidis, Konstantinos"]
[Black "Obodchuk, Andrei"]
[Result "0-1"]
[ECO "A00"]
[WhiteElo "1909"]
[BlackElo "2374"]
[Annotator "Boban,Milojevic"]
[PlyCount "48"]
[EventDate "2014.??.??"]
[TimeControl "6000+1270"]
[WhiteClock "0:26:35"]
[BlackClock "1:08:16"]

1. g3 g6 2. Bg2 Bg7 3. e4 c5 4. Nf3 Nc6 5. O-O d6 6. c3 e5 7. d3 Nge7 8. Nbd2
O-O 9. Ne1 Be6 10. Nc2 f5 11. f4 exf4 12. gxf4 Qd7 13. Ne3 d5 14. exd5 Nxd5 15.
Nb3 b6 16. Nc4 Rad8 17. Re1 Nxc3 18. bxc3 Bxc4 19. Bb2 Bxd3 20. Nd2 Na5 21. Nf3
Be4 22. Qxd7 Rxd7 23. Ne5 Bxe5 24. fxe5 Bxg2 0-1